 Dungeon Crawl Stone Soup version 0.31.0-9-g3a7656b989 (webtiles) character file.

Game seed: 16138542083867792375

136 qw the Ducker (level 4, -7/23 HPs)
             Began as a Spriggan Hunter on Feb 2, 2024.
             Mangled by a gnoll
             ... wielding a +0 halberd
              (11 damage)
             ... on level 4 of the Dungeon.
             The game lasted 00:00:07 (2664 turns).

qw the Ducker (Spriggan Hunter)                     Turns: 2664, Time: 00:00:08

Health: -7/23      AC:  2    Str:  6 (7)  XL:     4   Next: 98%
Magic:  5/5        EV: 20    Int:  8 (10) God:
Gold:   186        SH:  0    Dex: 20      Spells: 3/3 levels left

rFire   . . .        a - +1 shortbow
rCold   . . .        (shield currently unavailable)
rNeg    + . .        c - +0 robe
rPois   +            (helmet restricted)
rElec   .            (no cloak)
rCorr   .            (gloves unavailable)
SInv    +            (boots unavailable)
Will    .....        b - amulet of the acrobat
Stlth   ++           e - ring of positive energy
HPRegen 0.23/turn    j - ring of poison resistance
MPRegen 0.09/turn

%: acrobat
@: very quick
A: very small, no large weapons, unfitting armour, see invisible, speed 3
a: no special abilities


You were on level 4 of the Dungeon.
You visited 1 branch of the dungeon, and saw 4 of its levels.

You collected 186 gold pieces.


Innate Abilities, Weirdness & Mutations

You are very small and have problems with some larger weapons.
You are too small for most types of armour.
You have supernaturally acute eyesight. (SInv)
You cover ground extremely quickly. (Speed+++)


   Skills:
 - Level 2.0 Fighting
 + Level 5.0 Ranged Weapons
 - Level 5.3 Dodging
 - Level 1.5 Stealth


You had 3 spell levels left.
You didn't know any spells.
Your spell library was empty.

Inventory:

Hand Weapons
 a - a +1 shortbow (weapon)
Armour
 c - a +0 robe (worn)
Jewellery
 b - an amulet of the acrobat (around neck)
 e - a ring of positive energy (left hand)
 j - a ring of poison resistance (right hand)
Scrolls
 d - a scroll of vulnerability {unknown}
 f - a scroll of enchant armour
Potions
 g - a potion of enlightenment
 i - 2 potions of curing

Dungeon Overview and Level Annotations

Branches:
Dungeon (4/15)
 Temple: D:4-7

Altars:
Zin

Shops:
D:1 *


Message History

The gnoll hits you from afar with a +0 spear!
You shoot an arrow. The arrow barely misses the gnoll.
You shoot an arrow. The arrow hits the gnoll.
The gnoll is heavily wounded.
The gnoll misses you. The gnoll completely misses you.
You shoot an arrow. The arrow barely misses the gnoll.
The gnoll misses you. x2
You shoot an arrow. The arrow closely misses the gnoll.
The gnoll closely misses you. The gnoll completely misses you.
The ball python barely misses you. The ball python misses you.
You shoot an arrow. The arrow hits the gnoll!
You kill the gnoll!
The ball python barely misses you. The ball python closely misses you.
The gnoll hits you from afar with a +0 spear.
Your Fighting skill increases to level 2!
You shoot an arrow. The arrow hits the ball python.
The ball python is severely wounded.
The ball python closely misses you. The ball python misses you.
The gnoll misses you.
The gnoll hits you from afar with a +0 spear.
The ball python completely misses you. The ball python barely misses you.
You shoot an arrow.
The arrow barely misses the ball python.
The gnoll misses you. The gnoll barely misses you.
The ball python barely misses you. The ball python closely misses you.
The gnoll hits you from afar with a +0 spear.
The gnoll completely misses you.
You shoot an arrow.
The arrow closely misses the ball python.
The ball python completely misses you. The ball python grabs you.
The ball python constricts you. The gnoll closely misses you.
The gnoll misses you. The ball python bites you.
The ball python constricts you.
You shoot an arrow. The arrow hits the ball python.
You kill the ball python!
The gnoll hits you from afar with a +0 halberd.
The gnoll completely misses you.
You shoot an arrow. The arrow hits the gnoll.
The gnoll is heavily wounded.
The gnoll hits you from afar with a +0 halberd!
You die...

#.# #...
.....####.# ##.#
.........####...
....####.....#.
#...####.###...
#...#....# ##.#
## #...#.####
#.#
....######...#.#
#.#
...?.g)@...#...#
#.#
.....g).%....###
#.#
....########.#
..# ... #.# ###
. #.. #.## #.#
#.# #.#


You could see 2 gnolls.

Vanquished Creatures
  A hound (D:4)
  2 gnolls (D:4)
  2 adders (D:2)
  4 dart slugs
  A ribbon worm (D:3)
  An orc (D:3)
  7 ball pythons
  5 endoplasms
  A giant cockroach (D:2)
  5 goblins
  5 hobgoblins
  A quokka (D:1)
  9 bats
  5 frilled lizards
  4 kobolds
  7 rats
60 creatures vanquished.

Notes
Turn   | Place    | Note
-------+----------+-------------------------------------------
     0 | D:1      | qw the Spriggan Hunter began the quest for the Orb.
     0 | D:1      | Reached XP level 1. HP: 10/10 MP: 2/2
     0 | D:1      | 0 ||| qw: Version: 0.3-a-155-g5e7d8dd
     0 | D:1      | 0 ||| qw: Game counter: 1768
     0 | D:1      | 0 ||| qw: Melee chars always use a shield: true
     0 | D:1      | 0 ||| qw: God list: Okawaru
     0 | D:1      | 0 ||| qw: Allow faded altars: false
     0 | D:1      | 0 ||| qw: Do Orc after clearing Dungeon:15 true
     0 | D:1      | 0 ||| qw: Do second Lair branch before Depths: true
     0 | D:1      | 0 ||| qw: Lair rune preference: random
     0 | D:1      | 0 ||| qw: Goals: Normal
     0 | D:1      | 0 ||| PLANNING D:1-11
    78 | D:1      | Reached skill level 3 in Dodging
    90 | D:1      | Reached XP level 2. HP: 10/14 MP: 3/3
   245 | D:1      | Found Gorac's General Store.
   257 | D:1      | 257 ||| SHOPLISTING scroll of identify (20 gold, have 0).
   432 | D:1      | Reached XP level 3. HP: 18/18 MP: 4/4
   595 | D:1      | 595 ||| READING scroll labelled FANNAZUEZASS.
   596 | D:1      | 596 ||| READING scroll labelled XOOWKI OFECIDO.
   597 | D:1      | 597 ||| DROPPING scroll of butterflies.
  1511 | D:2      | 1511 ||| UPGRADING to amulet of the acrobat.
  1516 | D:2      | 1516 ||| READING 2 scrolls labelled XOTUSO ZULEANI.
  1516 | D:2      | 1516 ||| IDENTIFYING inky potion
  1517 | D:2      | 1517 ||| READING scroll of identify.
  1517 | D:2      | 1517 ||| IDENTIFYING brown potion
  1518 | D:2      | 1518 ||| READING scroll labelled TUCEOV NERGHU.
  1518 | D:2      | 1518 ||| ENCHANTING +0 shortbow.
  1519 | D:2      | 1519 ||| READING scroll labelled QIHYFO DOCZISA.
  1522 | D:2      | 1522 ||| DRINKING 2 sapphire potions.
  1523 | D:2      | 1523 ||| DRINKING 2 glowing purple potions.
  1524 | D:2      | 1524 ||| DROPPING potion of berserk rage.
  1525 | D:2      | 1525 ||| DROPPING potion of degeneration.
  1628 | D:3      | Reached XP level 4. HP: 21/22 MP: 5/5
  1836 | D:3      | Found a faded altar of an unknown god.
  2544 | D:3      | 2544 ||| UPGRADING to ring of positive energy.
  2545 | D:3      | 2545 ||| UPGRADING to ring of poison resistance.
  2546 | D:3      | 2546 ||| READING scroll of identify.
  2546 | D:3      | 2546 ||| IDENTIFYING smoky yellow potion
  2547 | D:3      | 2547 ||| READING scroll labelled KAC KAWNUUROL.
  2547 | D:3      | 2547 ||| ENCHANTING +0 shortbow.
  2548 | D:3      | 2548 ||| READING scroll labelled XEYG QISEL.
  2549 | D:3      | 2549 ||| DROPPING potion of ambrosia.
  2567 | D:4      | Found a glowing silver altar of Zin.
  2663 | D:4      | HP: 4/23 [gnoll/+0 halberd (6)]
  2664 | D:4      | Mangled by a gnoll

Levels and vault maps discovered:
D:1:      sevenhm_arrival_forest_fort_small_4, layout_loops_cross, serial_shops,
          shop
D:2:      layout_basic, grunt_decor_mini_mirrors, minivault_14
D:3:      layout_basic, shapermc_ecumenical_altar_mp_ritualfount,
          chequers_mini_garden
D:4:      layout_loops_ring, lemuel_blue_sif_altar,
          mainiacjoe_overflow_boulevard, ebering_ghost_disaster_area

Skill      XL: |  1  2  3  4 |
---------------+-------------+-----
Dodging        | 3 4 5 |  5.3
Ranged Weapons | 5 |  5.0
Fighting       | 2 |  2.0
Stealth        | |  1.5

Action                     |  1- 3 |  4- 6 || total
---------------------------+-------+-------++-------
   Fire: Shortbow          |   105 |    42 ||   147
    Use: Scroll            |     6 |     3 ||     9
         Potion            |     2 |       ||     2
 Armour: Robe              |     2 |     8 ||    10
  Dodge: Dodged            |    18 |    31 ||    49

Table legend:
 A = Non-vault XP
 B = Vault XP
 C = Vault XP percentage of total XP
 D = Non-vault monster count
 E = Vault monster count
 F = Vault count percentage of total count
                 A         B        C        D         E       F
            +---------+---------+-------+---------+---------+-------
      Total |     195 |       0 |   0.0 |      60 |       0 |   0.0
            +---------+---------+-------+---------+---------+-------
        D:1 |      45 |       0 |   0.0 |      26 |       0 |   0.0
        D:2 |      48 |       0 |   0.0 |      15 |       0 |   0.0
        D:3 |      25 |       0 |   0.0 |      14 |       0 |   0.0
        D:4 |      77 |       0 |   0.0 |       5 |       0 |   0.0
            +---------+---------+-------+---------+---------+-------
